[ AOE2 MATCH · #478312339 ]
UnrankedMalians vs Persians
[ REPLAY ANALYSIS · EXTRACTED FROM THE RECORDED GAME ]
Feudal
—
Castle
—
Imperial
—
| APM avg | 23.4 |
| APM peak | 49 |
| eAPM avg | 8.7 |
| Villagers / military | 17 / 0 |
Focus
⚔️ 7.7% · 🌾 92.3%
Feudal
—
Castle
—
Imperial
—
| APM avg | 32.4 |
| APM peak | 61 |
| eAPM avg | 10.0 |
| Villagers / military | 21 / 0 |
Focus
⚔️ 4.8% · 🌾 95.2%
Feudal
—
Castle
—
Imperial
—
| APM avg | 22.9 |
| APM peak | 44 |
| eAPM avg | 17.5 |
| Villagers / military | 27 / 0 |
Focus
⚔️ 21.8% · 🌾 78.2%
Feudal
—
Castle
—
Imperial
—
| APM avg | 17.6 |
| APM peak | 52 |
| eAPM avg | 7.7 |
| Villagers / military | 16 / 0 |
Focus
⚔️ 2.4% · 🌾 97.6%
Feudal
—
Castle
—
Imperial
—
| APM avg | 14.9 |
| APM peak | 29 |
| eAPM avg | 6.5 |
| Villagers / military | 22 / 0 |
Focus
⚔️ 4.0% · 🌾 96.0%
Feudal
—
Castle
—
Imperial
—
| APM avg | 45.8 |
| APM peak | 72 |
| eAPM avg | 17.9 |
| Villagers / military | 20 / 0 |
Focus
⚔️ 23.3% · 🌾 76.7%
Match map
Initial resources + every placement click. Lines = walls · curves = elevation contours. ◆ gold · ⬟ stone · ● berries · ✦ relic · ◌ wall gap
Your base
[BuluC]Not_the_Viper's base
Yoshi needs sushi's base
Fr4ggi's base
GroenBoer | PromoStars.co.za's base
Quando's base
Smoothed initial terrain · ◌ = detected wall gap · hover for details
Inputs per minute
— PJtheDcoy - - [BuluC]Not_the_Viper
Build order — PJtheDcoy
25 actions detected in the replay
| 1:11 | Build | Town Center |
| 3:20 | Build | House |
| 3:36 | Queue | Villager (Male) |
| 3:37 | Queue | Villager (Male) |
| 3:37 | Queue | Villager (Male) |
| 3:37 | Queue | Villager (Male) |
| 3:54 | Build | House |
| 4:42 | Queue | Villager (Male) |
| 5:07 | Queue | Villager (Male) |
| 5:30 | Queue | Villager (Male) |
| 5:45 | Build | Lumber Camp |
| 6:23 | Queue | Villager (Male) |
| 6:23 | Queue | Villager (Male) |
| 6:32 | Research | Loom |
| 6:39 | Queue | Villager (Male) |
| 7:18 | Queue | Villager (Male) |
| 7:18 | Queue | Villager (Male) |
| 7:19 | Queue | Villager (Male) |
| 7:19 | Queue | Villager (Male) |
| 8:07 | Queue | Villager (Male) |
| 8:22 | Build | House |
| 9:27 | Queue | Villager (Male) |
| 9:27 | Queue | Villager (Male) |
| 9:40 | Build | House |
| 9:41 | Build | Palisade Wall |
Build order — [BuluC]Not_the_Viper
29 actions detected in the replay
| 0:14 | Build | Town Center |
| 0:24 | Build | House |
| 2:19 | Build | Mill |
| 2:31 | Queue | Villager (Male) |
| 2:32 | Queue | Villager (Male) |
| 2:34 | Research | Loom |
| 2:34 | Queue | Villager (Male) |
| 2:35 | Queue | Villager (Male) |
| 2:35 | Queue | Villager (Male) |
| 3:31 | Queue | Villager (Male) |
| 4:40 | Build | House |
| 5:07 | Queue | Villager (Male) |
| 5:07 | Queue | Villager (Male) |
| 5:08 | Queue | Villager (Male) |
| 5:18 | Queue | Villager (Male) |
| 5:18 | Queue | Villager (Male) |
| 5:42 | Queue | Villager (Male) |
| 5:55 | Queue | Villager (Male) |
| 5:56 | Queue | Villager (Male) |
| 5:56 | Queue | Villager (Male) |
| 6:25 | Queue | Villager (Male) |
| 6:32 | Build | Mill |
| 6:45 | Build | House |
| 6:51 | Queue | Villager (Male) |
| 7:38 | Queue | Villager (Male) |
| 8:18 | Build | House |
| 9:27 | Queue | Villager (Male) |
| 9:29 | Queue | Villager (Male) |
| 9:35 | Queue | Villager (Male) |
Build order — Yoshi needs sushi
30 actions detected in the replay
| 0:51 | Build | Town Center |
| 1:06 | Build | House |
| 1:10 | Build | Mill |
| 1:40 | Build | House |
| 1:40 | Build | House |
| 2:53 | Queue | Villager (Male) ×4 |
| 2:53 | Queue | Villager (Male) ×4 |
| 4:04 | Queue | Villager (Male) |
| 4:05 | Queue | Villager (Male) |
| 4:25 | Queue | Villager (Male) |
| 4:52 | Queue | Villager (Male) |
| 5:11 | Queue | Villager (Male) |
| 5:34 | Queue | Villager (Male) |
| 6:10 | Queue | Villager (Male) |
| 6:16 | Queue | Villager (Male) |
| 6:18 | Build | Lumber Camp |
| 6:40 | Queue | Villager (Male) |
| 7:01 | Queue | Villager (Male) |
| 7:01 | Queue | Villager (Male) |
| 7:04 | Queue | Villager (Male) |
| 7:04 | Queue | Villager (Male) |
| 7:10 | Build | House |
| 7:19 | Build | House |
| 7:26 | Queue | Villager (Male) |
| 7:26 | Queue | Villager (Male) |
| 7:39 | Queue | Villager (Male) |
| 7:39 | Queue | Villager (Male) |
| 8:03 | Queue | Villager (Male) |
| 9:21 | Build | Mill |
| 9:33 | Queue | Villager (Male) |
Build order — Fr4ggi
24 actions detected in the replay
| 0:14 | Build | Town Center |
| 2:31 | Build | House |
| 2:34 | Queue | Villager (Male) |
| 3:22 | Queue | Villager (Male) |
| 3:22 | Queue | Villager (Male) |
| 3:46 | Queue | Villager (Male) |
| 4:17 | Queue | Villager (Male) |
| 4:38 | Queue | Villager (Male) |
| 4:55 | Queue | Villager (Male) |
| 5:25 | Build | House |
| 5:30 | Build | Lumber Camp |
| 5:33 | Queue | Villager (Male) |
| 5:34 | Queue | Villager (Male) |
| 6:33 | Queue | Villager (Male) |
| 6:56 | Queue | Villager (Male) |
| 7:04 | Build | House |
| 7:39 | Queue | Villager (Male) |
| 8:03 | Queue | Villager (Male) |
| 8:49 | Queue | Villager (Male) |
| 8:50 | Queue | Villager (Male) |
| 9:08 | Build | Barracks |
| 9:24 | Queue | Villager (Male) |
| 9:43 | Build | House |
| 9:56 | Build | House |
Build order — GroenBoer | PromoStars.co.za
28 actions detected in the replay
| 1:47 | Build | Town Center |
| 2:06 | Build | House |
| 2:13 | Build | Mill |
| 3:50 | Queue | Villager (Male) |
| 3:51 | Queue | Villager (Male) |
| 3:51 | Queue | Villager (Male) |
| 3:52 | Queue | Villager (Male) |
| 4:51 | Queue | Villager (Male) |
| 4:51 | Queue | Villager (Male) |
| 5:30 | Queue | Villager (Male) |
| 5:56 | Queue | Villager (Male) |
| 5:56 | Queue | Villager (Male) |
| 6:01 | Build | House |
| 6:22 | Queue | Villager (Male) |
| 6:37 | Build | House |
| 6:59 | Queue | Villager (Male) |
| 7:00 | Queue | Villager (Male) |
| 7:30 | Queue | Villager (Male) |
| 7:30 | Queue | Villager (Male) |
| 7:31 | Queue | Villager (Male) |
| 8:27 | Queue | Villager (Male) |
| 8:28 | Queue | Villager (Male) |
| 8:28 | Queue | Villager (Male) |
| 8:30 | Queue | Villager (Male) |
| 9:17 | Queue | Villager (Male) |
| 9:40 | Build | Mill |
| 9:44 | Queue | Villager (Male) |
| 9:44 | Queue | Villager (Male) |
Build order — Quando
34 actions detected in the replay
| 0:11 | Build | Town Center |
| 2:25 | Queue | Villager (Male) |
| 2:26 | Queue | Villager (Male) |
| 2:27 | Queue | Villager (Male) |
| 2:43 | Queue | Villager (Male) |
| 2:47 | Build | House |
| 3:51 | Queue | Villager (Male) |
| 4:33 | Queue | Villager (Male) |
| 4:34 | Queue | Villager (Male) |
| 4:44 | Build | House |
| 4:47 | Build | Lumber Camp |
| 4:49 | Queue | Villager (Male) |
| 4:49 | Queue | Villager (Male) |
| 5:02 | Queue | Villager (Male) |
| 5:02 | Queue | Villager (Male) |
| 6:21 | Queue | Villager (Male) |
| 6:51 | Build | House |
| 6:56 | Queue | Villager (Male) |
| 7:09 | Build | House |
| 7:18 | Queue | Villager (Male) |
| 7:29 | Build | House |
| 7:40 | Queue | Villager (Male) |
| 7:55 | Build | House |
| 8:09 | Queue | Villager (Male) |
| 8:20 | Build | House |
| 8:41 | Queue | Villager (Male) |
| 8:59 | Build | Mill |
| 9:03 | Queue | Villager (Male) |
| 9:08 | Research | Loom |
| 9:11 | Queue | Villager (Male) |
| 9:23 | Build | House |
| 9:44 | Queue | Villager (Male) |
| 9:54 | Build | House |
| 10:03 | Build | House |
Match timeline
| 9:08 | Fr4ggi · first_building Barracks |
| 9:41 | PJtheDcoy · wall_segment Palisade Wall x1 |
| 9:56 | [BuluC]Not_the_Viper · resign |
[ AI ANALYSIS · 1 CREDIT ]
What really happened in this match?
Wolo.gg analyzes every decision: build order, eco, micro, common mistakes by bracket. Personalized analysis on WhatsApp or Discord in 30 seconds.
Civ guide
Malians
Perfil
Jugador #1083245